 Dungeon Crawl Stone Soup version 0.20.1-1-g8b1a95d (webtiles) character file.

2323 Phantomfrettchen the Cutter (level 9, 0/65 HPs)
             Began as a Demonspawn Chaos Knight on Oct 2, 2017.
             Slain by a bullfrog (1 damage)
             ... on level 8 of the Dungeon.
             The game lasted 00:33:37 (6117 turns).

Phantomfrettchen the Cutter (DsCK)                  Turns: 6117, Time: 00:33:39

Health: 0/65       AC:  5    Str: 15    XL:     9   Next: 19%
Magic:  12/12      EV: 14    Int: 13    God:    Xom [..*...]
Gold:   314        SH:  0    Dex: 18    Spells: 9/12 levels left

rFire    + + .     SeeInvis .   j - +3 short sword
rCold    . . .     Gourm    .   (no shield)
rNeg     . . .     Faith    .   a - +2 leather armour
rPois    +         Spirit   .   (helmet restricted)
rElec    +         Reflect  .   (no cloak)
rCorr    +         Harm     .   (no gloves)
MR       +....     Clarity  +   (no boots)
Stlth    ++++......             (no amulet)
Regen    0.2/turn               C - ring of resist corrosion
MPRegen  0.2/turn               G - ring of fire

@: lethally poisoned (0 -> -8), about to teleport, resistant
A: antennae 1, claws 2, talons 2, agile 1, clarity, demonic guardian 1, magic
resistance 1, nightstalker 1, sense surroundings 1, strong 1
a: Renounce Religion


You were on level 8 of the Dungeon.
You worshipped Xom.
You were a toy of Xom.
You were not hungry.

You visited 1 branch of the dungeon, and saw 8 of its levels.

You collected 314 gold pieces.

Inventory:

Hand Weapons
 e - a +0 hand crossbow
 j - a +3 short sword (weapon)
 u - a +0 rapier of speed
 D - a +0 hunting sling
 H - a +2 dagger of venom
 I - a +0 shortbow
Missiles
 k - 214 stones (quivered)
 m - 39 sling bullets
 n - 35 poisoned needles
 z - 3 needles of confusion
 A - a throwing net
 J - 125 arrows
Armour
 a - a +2 leather armour (worn)
 c - a +0 ring mail of fire resistance
Jewellery
 C - a ring of resist corrosion (left claw)
 G - a ring of fire (right claw)
 M - an uncursed amulet of guardian spirit {unknown}
Wands
 r - a wand of iceblast (8/15)
Scrolls
 d - a scroll of amnesia
 g - 2 scrolls of immolation {unknown}
 l - 2 scrolls of remove curse
 o - 4 scrolls of teleportation
 s - 2 scrolls of recharging
 t - 2 scrolls of magic mapping
 x - 2 scrolls of identify
 B - a scroll of enchant weapon {unknown}
 E - 2 scrolls of enchant armour {unknown}
 K - a scroll of silence {unknown}
 L - a scroll of fog {unknown}
Potions
 h - a potion of agility {unknown}
 v - a potion of brilliance
 O - a potion of cancellation {unknown}
Books
 y - a book of Maledictions

   Spells                             Type                      Level
   a - Corona                         Hexes                        1
   b - Ensorcelled Hibernation        Hexes/Ice                    2
   c - Confuse                        Hexes                        3
   d - Tukima's Dance                 Hexes                        3
   e - Dazzling Spray                 Conjuration/Hexes            3
Comestibles
 b - 7 bread rations
 f - 3 chunks of flesh
 i - 5 meat rations
 p - 3 royal jellies
 q - 2 fruits


   Skills:
 + Level 4.3 Fighting
 + Level 6.2 Short Blades
 - Level 3.2 Throwing
 + Level 4.1 Armour
 + Level 3.6 Dodging
 + Level 4.3 Stealth
 - Level 3.0 Unarmed Combat
 - Level 2.1 Spellcasting
 - Level 2.0 Hexes
 - Level 2.2 Ice Magic


You had 9 spell levels left.
You knew the following spells:

 Your Spells              Type           Power        Failure   Level  Hunger
a - Ensorcelled Hibernat  Hex/Ice        #.....       21%         2    ###....
b - Corona                Hex            #......      14%         1    ##.....


Dungeon Overview and Level Annotations

Branches:
Dungeon (8/15)             Temple (0/1) D:6
   Lair: D:8-11

Altars:
Ashenzari
Dithmenos
Fedhas
Kikubaaqudgha
Okawaru
Sif Muna
Vehumet
Xom
Yredelemnul

Shops:
D:5 :

Annotations:
D:8 Prince Ribbit; supermoro's ghost, novice MiFi


Innate Abilities, Weirdness & Mutations

You have very sharp fingernails.
You have razor-sharp toenails.
A weak demonic guardian rushes to your aid.
You are slightly more attuned to the shadows.
You have a pair of small antennae on your head.
You are agile. (Dex +2)
You possess an exceptional clarity of mind.
You are resistant to hostile enchantments. (MR+)
You passively map a small area around you.
Your muscles are strong. (Str +2)


Message History

* * * LOW HITPOINT WARNING * * *
You feel sick.
Xom smirks.
You detect items!
It was a potion of resistance.
You feel protected.
* * * LOW HITPOINT WARNING * * *
You feel sick.
Your quasit bites the bullfrog.
Your quasit closely misses the bullfrog.
Your quasit barely misses the bullfrog.
Prince Ribbit blinks!
The bullfrog completely misses you. Something hits your quasit.
Your quasit dies!
As you read the scroll of teleportation, it crumbles to dust.
You feel strangely unstable.
* * * LOW HITPOINT WARNING * * *
You feel sick. The bullfrog hits you.
* * * LOW HITPOINT WARNING * * *
Prince Ribbit blinks!
The bullfrog hits you.
You die...
Xom giggles madly!

, * , , , , ,, ..., ,,
, , ∆ .... , ,,,∆ ,, ,
,, #....### ####* , , ,
#......###..## , ,
#.......#....## ,.. *
#.......#..F@.###.#* ,
, , #.........W#F5..§..
*
..##.......#..#........
......<....#.W##..###..
..........##..§#)##....
,
........###....†$(....#
,
####+##.##....##/#...##
,, , , ..#...###..#
..#, ∆,, ,...#... .....
.# ,


You could see Prince Ribbit, a bullfrog, supermoro's ghost (wandering) and a
crimson imp.

Vanquished Creatures
  3 hippogriffs
  2 sky beasts
  An orc warrior (D:6)
  An ogre (D:8)
  A necrophage (D:8)
  3 centaurs
  A wyvern skeleton (D:7)
  2 scorpions
  2 howler monkeys (D:7)
  4 wights (D:7)
  A jelly (D:6)
  A crimson imp (D:5)
  A bullfrog zombie (D:8)
  3 hounds
  4 bullfrog skeletons
  Terence (D:3)
  6 orc wizards
  4 worker ants
  A killer bee zombie (D:5)
  A howler monkey skeleton (D:5)
  A gnoll (D:1)
  6 adders
  2 shadow imps
  An adder zombie (D:7)
  2 worms
  2 dart slugs
  3 leopard geckos
  13 orcs
  4 bats
  4 giant cockroaches
  4 goblins
  11 hobgoblins
  14 jackals
  4 kobolds
  4 quokkas
  2 frilled lizards (D:1)
  A quokka skeleton (D:6)
  3 rats
124 creatures vanquished.

Vanquished Creatures (collateral kills)
  2 ogres
  An orc wizard (D:3)
  An adder (D:5)
  10 orcs
14 creatures vanquished.

Vanquished Creatures (others)
  A yak (D:8)
1 creature vanquished.

Grand Total: 139 creatures vanquished

Notes
Turn   | Place    | Note
-------+----------+-------------------------------------------
     0 | D:1      | Phantomfrettchen the Demonspawn Chaos Knight began the quest for the Orb.
     0 | D:1      | Reached XP level 1. HP: 18/18 MP: 1/1
   362 | D:1      | XOM: swap monsters
   375 | D:1      | XOM: blink monster(s)
   392 | D:1      | Gained mutation: You are slightly more attuned to the shadows. [demonic ancestry]
   392 | D:1      | Reached XP level 2. HP: 9/24 MP: 2/2
   507 | D:1      | Reached skill level 1 in Dodging
   539 | D:1      | XOM: polymorph goblin -> adder
   548 | D:1      | Reached skill level 1 in Short Blades
   898 | D:1      | XOM: mild Chrm miscast
   905 | D:1      | Gained mutation: You have sharp fingernails. [demonic ancestry]
   905 | D:1      | Reached XP level 3. HP: 12/29 MP: 3/3
  1306 | D:2      | Found a deep blue altar of Sif Muna.
  1306 | D:2      | Found a blossoming altar of Fedhas.
  1310 | D:2      | Found an iron altar of Okawaru.
  1312 | D:2      | Found a shadowy altar of Dithmenos.
  1314 | D:2      | Found a radiant altar of Vehumet.
  1469 | D:2      | Gained mutation: A weak demonic guardian rushes to your aid. [demonic ancestry]
  1469 | D:2      | Reached XP level 4. HP: 35/35 MP: 4/4
  1479 | D:2      | Found a basalt altar of Yredelemnul.
  1842 | D:3      | XOM: cloud trail
  1857 | D:3      | Reached skill level 2 in Short Blades
  1893 | D:3      | Learned a level 2 spell: Ensorcelled Hibernation
  1895 | D:3      | Learned a level 1 spell: Corona
  1916 | D:3      | Noticed Terence
  1923 | D:3      | Killed Terence
  1923 | D:3      | Reached skill level 1 in Throwing
  2125 | D:3      | Gained mutation: You have sharp toenails. [demonic ancestry]
  2125 | D:3      | Reached XP level 5. HP: 41/41 MP: 5/5
  2336 | D:3      | XOM: summons 2 hostile demons
  2429 | D:3      | Reached skill level 3 in Short Blades
  2592 | D:4      | Reached skill level 1 in Stealth
  2601 | D:4      | Noticed an ogre
  2610 | D:4      | Killed an ogre
  2610 | D:4      | Reached XP level 6. HP: 14/47 MP: 6/6
  2855 | D:4      | Noticed a hippogriff
  2984 | D:4      | XOM: confuse monster(s)
  2991 | D:4      | XOM: 1-stop teleportation journey
  3054 | D:4      | XOM: 3-stop teleportation journey
  3095 | D:4      | XOM: enchant monster (good)
  3098 | D:4      | Killed a hippogriff
  3098 | D:4      | Reached skill level 1 in Spellcasting
  3098 | D:4      | Reached skill level 1 in Hexes
  3098 | D:4      | Reached skill level 1 in Ice Magic
  3139 | D:4      | XOM: scenery: create altars
  3209 | D:4      | Found a shattered altar of Ashenzari.
  3210 | D:4      | XOM: god gift: 19 stones
  3283 | D:5      | Entered Level 5 of the Dungeon
  3327 | D:5      | XOM: cleaving
  3330 | D:5      | Gained mutation: You have razor-sharp toenails. [demonic ancestry]
  3330 | D:5      | Reached XP level 7. HP: 33/52 MP: 8/8
  3447 | D:5      | XOM: scenery: create altars
  3521 | D:5      | XOM: scenery: create altars
  3532 | D:5      | XOM: polymorph white imp -> crimson imp
  3537 | D:5      | XOM: cast spell 'Alistair's Intoxication'
  3551 | D:5      | Found an ancient bone altar of Kikubaaqudgha.
  3757 | D:5      | Found Senwiq's Book Boutique.
  3877 | D:5      | XOM: scenery: create altars
  3931 | D:5      | XOM: give mutations
  3931 | D:5      | Gained mutation: You possess an exceptional clarity of mind. [Xom's grace]
  3931 | D:5      | Gained mutation: You have a pair of small antennae on your head. [Xom's grace]
  4061 | D:6      | XOM: 4-stop teleportation journey
  4133 | D:6      | XOM: polymorph orc -> jackal
  4199 | D:6      | Gained mutation: Your muscles are strong. (Str +2) [mutagenic meat]
  4200 | D:6      | Gained mutation: You passively map a small area around you. [mutagenic meat]
  4201 | D:6      | Gained mutation: You are resistant to hostile enchantments. (MR+) [mutagenic meat]
  4203 | D:6      | Gained mutation: You are agile. (Dex +2) [mutagenic meat]
  4204 | D:6      | Gained mutation: You are covered in fur. (AC +1) [mutagenic meat]
  4254 | D:6      | Found a staircase to the Ecumenical Temple.
  4435 | D:6      | XOM: cast spell 'Summon Small Mammal'
  4438 | D:6      | XOM: butterfly on damage
  4441 | D:6      | Reached skill level 4 in Short Blades
  4441 | D:6      | Gained mutation: You have very sharp fingernails. [demonic ancestry]
  4441 | D:6      | Reached XP level 8. HP: 9/58 MP: 11/11
  4446 | D:6      | XOM: harmless Conj miscast
  4679 | D:6      | XOM: potion effect (invisibility)
  4864 | D:6      | XOM: noise
  4939 | D:6      | XOM: god gift: ring mail {god gift}
  4965 | D:6      | XOM: cloud trail
  5055 | D:7      | XOM: confuse monster(s)
  5095 | D:7      | XOM: divination: magic mapping
  5156 | D:7      | XOM: divination: detect creatures
  5263 | D:7      | XOM: 1-stop teleportation journey
  5308 | D:7      | XOM: god gift: scroll labeled ETUUS MESIMUEL {god gift}
  5360 | D:7      | Noticed a hippogriff
  5375 | D:7      | Killed a hippogriff
  5375 | D:7      | Reached skill level 5 in Short Blades
  5426 | D:7      | XOM: noise
  5874 | D:7      | XOM: potion effect (might)
  5881 | D:7      | XOM: potion effect (haste)
  5886 | D:7      | XOM: harmless Erth miscast
  5957 | D:7      | Reached XP level 9. HP: 47/65 MP: 12/12
  5971 | D:7      | Lost mutation: You are covered in fur. (AC +1) [mutagenic meat]
  5973 | D:7      | Gained mutation: You are frail. (-10% HP) [mutagenic meat]
  5974 | D:7      | Lost mutation: You are frail. (-10% HP) [mutagenic meat]
  5992 | D:7      | XOM: cast spell 'Summon Small Mammal'
  6061 | D:8      | Reached skill level 6 in Short Blades
  6074 | D:8      | XOM: summons friendly white imp
  6075 | D:8      | XOM: divine lightning
  6079 | D:8      | Noticed supermoro's ghost (novice MiFi)
  6094 | D:8      | XOM: divine lightning
  6100 | D:8      | Noticed Prince Ribbit
  6115 | D:8      | XOM: divination: detect items
  6117 | D:8      | HP: 1/65 [bullfrog (5)]
  6117 | D:8      | Slain by a bullfrog

Skill      XL: |  1  2  3  4  5  6  7  8  9 |
---------------+----------------------------+-----
Armour         | 2 3 4 |  4.1
Unarmed Combat | 3 |  3.0
Dodging        | 1 2 3 |  3.6
Short Blades   | 1 2 3 4 5 6 |  6.2
Throwing       | 1 2 3 |  3.2
Stealth        | 1 2 3 4 |  4.3
Spellcasting   | 1 2 |  2.1
Hexes          | 1 2 |  2.0
Ice Magic      | 1 2 |  2.2
Fighting       | 4 |  4.3

Action                   |  1- 3 |  4- 6 |  7- 9 || total
-------------------------+-------+-------+-------++-------
Melee: Unarmed           |    53 |       |       ||    53
       Short sword       |    66 |       |   200 ||   266
       Punch             |     1 |     2 |     2 ||     5
       Rapier            |       |   118 |       ||   118
       Kick              |       |    31 |    74 ||   105
       Dagger            |       |    17 |    47 ||    64
Throw: Stone             |    33 |    33 |    23 ||    89
 Cast: Ensorcelled Hiber |       |     3 |     9 ||    12
       Corona            |       |       |     2 ||     2
  Use: Scroll            |       |     4 |     4 ||     8
       Potion            |       |     1 |    14 ||    15
 Stab: Sleeping          |       |     3 |     6 ||     9
       Paralysed         |       |     2 |       ||     2
       Invisible         |       |       |     1 ||     1
  Eat: Chunk             |     2 |     6 |    20 ||    28
Armor: Leather armour    |    38 |    47 |    44 ||   129
       Ring mail         |     6 |       |       ||     6
       Skin              |       |       |     4 ||     4
Dodge: Dodged            |    88 |    86 |   140 ||   314
